 Dungeon Crawl Stone Soup version 0.21.1-1-g345015fe64 (webtiles) character file.

43 Evaline the Shooter (level 3, 0/29 HPs)
             Began as a Centaur Hunter on June 20, 2018.
             Slain by a jackal (3 damage)
             ... on level 1 of the Dungeon.
             The game lasted 00:07:53 (1615 turns).

Evaline the Shooter (Centaur Hunter)                Turns: 1615, Time: 00:07:54

Health: 0/29       AC:  5    Str: 15    XL:     3   Next: 37%
Magic:  3/3        EV:  9    Int: 10    God:
Gold:   31         SH:  0    Dex:  9    Spells: 2/2 levels left

rFire    . . .     SeeInvis .   a - +0 spear
rCold    . . .     Gourm    .   (no shield)
rNeg     . . .     Faith    .   c - +0 leather armour
rPois    .         Spirit   .   n - +0 helmet
rElec    .         Reflect  .   (no cloak)
rCorr    .         Harm     .   (no gloves)
MR       .....                  (no barding)
Stlth    +.........             (no amulet)
HPRegen  0.09/turn              (no ring)
MPRegen  0.08/turn              (no ring)

@: very quick
A: large, hooves 3, deformed body, speed 2, tough skin 3
a: no special abilities


You were on level 1 of the Dungeon.
You were hungry.

You visited 1 branch of the dungeon, and saw 2 of its levels.

You collected 31 gold pieces.

Inventory:

Hand Weapons
 a - a +0 spear (weapon)
 b - a +1 shortbow
Missiles
 d - 20 arrows
Armour
 c - a +0 leather armour (worn)
 n - a +0 helmet (worn)
Scrolls
 e - a scroll of enchant armour {unknown}
 h - a scroll of immolation {unknown}
 i - a scroll of remove curse {unknown}
 j - a scroll of blinking {unknown}
 l - a scroll of magic mapping {unknown}
Potions
 g - a potion of mutation {unknown}
 k - a potion of flight {unknown}
Comestibles
 f - 4 rations
 m - 8 chunks of flesh


   Skills:
 - Level 2.0 Fighting
 * Level 0.2 Polearms
 + Level 6.6 Bows
 + Level 0.5 Armour
 - Level 1.3 Dodging
 - Level 0.4 Stealth


You had 2 spell levels left.
You didn't know any spells.

Dungeon Overview and Level Annotations

Branches:
Dungeon (2/15)

Altars:

Annotations:
D:2 Sigmund


Innate Abilities, Weirdness & Mutations

You have hooves in place of feet.
Armour fits poorly on your strangely shaped body.
You cover ground very quickly.
You have extremely tough skin. (AC +3)


Message History

The jackal barely misses you.
Attack whom?
Press: ? - help, Dir - move target cursor, f/p - jackal
Aim: a jackal (severely wounded)
You reach to attack!
You hit the jackal but do no damage.
The jackal is severely wounded.
The jackal bites you.
* * * LOW HITPOINT WARNING * * *
You miss the jackal. Your kick misses the jackal.
The jackal is severely wounded.
The jackal bites you but does no damage.
The jackal bites you.
* * * LOW HITPOINT WARNING * * *
You closely miss the jackal.
The jackal is heavily wounded.
The jackal misses you.
You barely miss the jackal.
The jackal is heavily wounded.
The jackal barely misses you. The jackal bites you.
You die...

#........#
#........# ###
#........# ..#
#........# ..#
#........# ..#
#........# ###
#........#
#........###########
#.........Sh@......#
######.............#
#[............#
#.............#
#.............#
#.............#
#.............#
#.............#
###############


You could see an adder and a jackal.

Vanquished Creatures
  Robin (D:1)
  2 dart slugs (D:1)
  A giant cockroach (D:1)
  6 hobgoblins
  A jackal (D:2)
  A bat (D:1)
  11 goblins
  A kobold (D:1)
  3 rats (D:1)
27 creatures vanquished.

Notes
Turn   | Place    | Note
-------+----------+-------------------------------------------
     0 | D:1      | Evaline the Centaur Hunter began the quest for the Orb.
     0 | D:1      | Reached XP level 1. HP: 17/17 MP: 1/1
     6 | D:1      | Noticed a polar bear
     6 | D:1      | Noticed a seven-headed hydra
     6 | D:1      | Noticed an anaconda
     6 | D:1      | Noticed a crocodile
   116 | D:1      | Reached XP level 2. HP: 8/24 MP: 2/2
   380 | D:1      | Reached skill level 6 in Bows
   796 | D:2      | Noticed Robin
   813 | D:1      | Killed Robin
  1039 | D:1      | Reached XP level 3. HP: 20/29 MP: 3/3
  1512 | D:2      | Noticed Sigmund
  1547 | D:1      | HP: 1/29 [jackal (3)]
  1615 | D:1      | Slain by a jackal

Skill      XL: |  1  2 |
---------------+-------+-----
Bows           | 6 |  6.6
Fighting       | |  2.0
Polearms       | |  0.2
Armour         | |  0.5
Dodging        | |  1.3
Stealth        | |  0.4

Action                   || total
-------------------------++-------
Melee: Short sword       ||    54
       Kick              ||    19
       Spear             ||    57
 Fire: Shortbow          ||     2
  Eat: Chunk             ||     1
Armor: Leather armour    ||    61
Dodge: Dodged            ||    84
